Workbook
Name \0: #REF!
Name \0: #REF!
Name _________________________esc15: #REF!
Name _________________________esc15: #REF!
Name _________________________esc4: #REF!
Name _________________________esc4: #REF!
Name _________________________esc6: #REF!
Name _________________________esc6: #REF!
Name ________________________esc15: #REF!
Name ________________________esc15: #REF!
Name ________________________esc4: #REF!
Name ________________________esc4: #REF!
Name ________________________esc6: #REF!
Name ________________________esc6: #REF!
Name _______________________esc15: #REF!
Name _______________________esc15: #REF!
Name _______________________esc4: #REF!
Name _______________________esc4: #REF!
Name _______________________esc6: #REF!
Name _______________________esc6: #REF!
Name ______________________esc15: #REF!
Name ______________________esc15: #REF!
Name ______________________esc4: #REF!
Name ______________________esc4: #REF!
Name ______________________esc6: #REF!
Name ______________________esc6: #REF!
Name ____________________esc15: #REF!
Name ____________________esc15: #REF!
Name ____________________esc4: #REF!
Name ____________________esc4: #REF!
Name ____________________esc6: #REF!
Name ____________________esc6: #REF!
Name ___________________esc15: #REF!
Name ___________________esc15: #REF!
Name ___________________esc4: #REF!
Name ___________________esc4: #REF!
Name ___________________esc6: #REF!
Name ___________________esc6: #REF!
Name __________________esc15: #REF!
Name __________________esc15: #REF!
Name __________________esc4: #REF!
Name __________________esc4: #REF!
Name __________________esc6: #REF!
Name __________________esc6: #REF!
Name _________________esc15: #REF!
Name _________________esc15: #REF!
Name _________________esc4: #REF!
Name _________________esc4: #REF!
Name _________________esc6: #REF!
Name _________________esc6: #REF!
Name _______________esc15: #REF!
Name _______________esc15: #REF!
Name _______________esc4: #REF!
Name _______________esc4: #REF!
Name _______________esc6: #REF!
Name _______________esc6: #REF!
Name ______________esc15: #REF!
Name ______________esc15: #REF!
Name ______________esc4: #REF!
Name ______________esc4: #REF!

Sheet PLANILHA_RECONSTRUÇÃO
A1: FLAT ENGENHARIA E CONSTRUÇÕES LTDA
A4: Objeto: Reparo de danos decorrentes da chuva no municipio de Santa Luzia/MG | G4: Referências de preço
G5: SINAPI 06/22, SICRO 04/22
A7: Belo Horizonte, 12 de Junho de 2023 | G7: Encargos | H7: BDI | I7: Valor total de Referência
G8: Não Desonerado | H8: =BDI!I27 -> 0.24211461 | I8: =I11 -> 1332902.9
A9: PLANILHA ORÇAMENTÁRIA
A10: ITEM | B10: FONTE | C10: CÓDIGO | D10: DESCRIÇÃO | E10: UNID | F10: QUANT | G10: CUSTO UNIT. S/BDI | H10: PREÇO UNIT. C/ BDI | I10: PREÇO TOTAL C/BDI | J10: PESO (%)
B11: META | C11: 2 | D11: MG020-PINHOES | I11: =SUBTOTAL(9,I12:I32) -> 1332902.9 | J11: =I11/$I$11 -> 1
A12: 1 | D12: SERVIÇOS PRELIMINARES | H12: =G12*(1+$H$8) -> 0 | I12: =SUBTOTAL(9,I13:I17) -> 7044.9 | J12: =I12/$I$11 -> 0.0052853814
A13: 1.1 | B13: COMPOSIÇÃO | C13: CP-01 | D13: PLACA DE OBRA EM CHAPA GALVANIZADA N.22 - ADESIVADA - AFIXADA COM PEÇAS DE MADEIRA ROLIÇA TRATADA - D=12 A 15 CM | E13: U | F13: 1 | G13: 1599.17 | H13: =G13*(1+$H$8) -> 1986.3524 | I13: =ROUND(H13*F13,2) -> 1986.35 | J13: =I13/$I$11 -> 0.0014902436
A14: 1.2 | B14: COMPOSIÇÃO | C14: CP-02 | D14: PROTEÇAO COM TELA TAPUME LARANJA - INCLUSIVE BASE - PEÇA 5 X 5 CM EM PINUS OU EQUIVALENTE DA REGIÃO | E14: M | F14: 45 | G14: 16.3 | H14: =G14*(1+$H$8) -> 20.246468 | I14: =ROUND(H14*F14,2) -> 911.09 | J14: =I14/$I$11 -> 0.00068353818
A15: 1.3 | B15: SINAPI-I | C15: 10777 | D15: LOCACAO DE CONTAINER 2,30 X 4,30 M, ALT. 2,50 M, PARA SANITARIO, COM 3 BACIAS, 4 CHUVEIROS, 1 LAVATORIO E 1 MICTORIO (NAO INCLUI MOBILIZACAO/DESMOBILIZACAO) | E15: MÊS | F15: 3 | G15: 1044.01 | H15: =G15*(1+$H$8) -> 1296.7801 | I15: =ROUND(H15*F15,2) -> 3890.34 | J15: =I15/$I$11 -> 0.0029186973
A16: 1.4 | B16: SICRO | C16: 5213383 | D16: Cavalete em polietileno zebrado com faixa refletiva - H = 1,00 m - utilização de 600 ciclos - fornecimento, 01 implantação e 01retirada diária | E16: un.dia | F16: 90 | G16: 1.49 | H16: =G16*(1+$H$8) -> 1.8507508 | I16: =ROUND(H16*F16,2) -> 166.57 | J16: =I16/$I$11 -> 0.00012496785
A17: 1.5 | B17: SICRO | C17: 5213835 | D17: Cone plástico para canalização de trânsito - utilização de 150 ciclos - fornecimento, 01 implantação e 01 retirada diária | E17: un.dia | F17: 90 | G17: 0.81 | H17: =G17*(1+$H$8) -> 1.0061128 | I17: =ROUND(H17*F17,2) -> 90.55 | J17: =I17/$I$11 -> 6.7934432e-05
A18: 2 | D18: TOPOGRAFIA | H18: =G18*(1+$H$8) -> 0 | I18: =SUBTOTAL(9,I19) -> 2399.21 | J18: =I18/$I$11 -> 0.0017999886
A19: 2.1 | B19: COMPOSIÇÃO | C19: CP-03 | D19: EQUIPE DE TOPOGRAFIA | E19: H | F19: 15 | G19: 128.77 | H19: =G19*(1+$H$8) -> 159.9471 | I19: =ROUND(H19*F19,2) -> 2399.21 | J19: =I19/$I$11 -> 0.0017999886
A20: 3 | D20: TRABALHOS EM TERRA | H20: =G20*(1+$H$8) -> 0 | I20: =SUBTOTAL(9,I21:I23) -> 145757.61 | J20: =I20/$I$11 -> 0.10935351
A21: 3.1 | B21: SINAPI | C21: 101267 | D21: ESCAVAÇÃO VERTICAL A CÉU ABERTO, EM OBRAS DE INFRAESTRUTURA, INCLUINDO CARGA, DESCARGA E TRANSPORTE, EM SOLO DE 1ª CATEGORIA COM ESCAVADEIRA HIDRÁULICA (CAÇAMBA: 1,2 M³ / 155HP), FROTA DE 4 CAMINHÕES BASCULANTES DE 10 M³, DMT ATÉ 1 KM | E21: M3 | F21: 2057 | G21: 10.55 | H21: =G21*(1+$H$8) -> 13.104309 | I21: =ROUND(H21*F21,2) -> 26955.56 | J21: =I21/$I$11 -> 0.020223199
A22: 3.2 | B22: SINAPI | C22: 95875 | D22: TRANSPORTE COM CAMINHÃO BASCULANTE DE 10 M³, EM VIA URBANA PAVIMENTADA, DMT ATÉ 30 KM (UNIDADE: M3XKM). AF_07/2020 | E22: M3XKM | F22: 25987.5 | G22: 2.36 | H22: =G22*(1+$H$8) -> 2.9313905 | I22: =ROUND(H22*F22,2) -> 76179.51 | J22: =I22/$I$11 -> 0.057153084
A23: 3.3 | B23: SINAPI | C23: 93361 | D23: REATERRO MECANIZADO DE VALA COM ESCAVADEIRA HIDRÁULICA (CAPACIDADE DA CAÇAMBA: 0,8 M³ / POTÊNCIA: 111 HP), LARGURA ATÉ 1,5 M, PROFUNDIDADE DE 1,5 A 3,0 M, COM SOLO DE 1ª CATEGORIA EM LOCAIS COM ALTO NÍVEL DE INTERFERÊNCIA. AF_04/2016 | E23: M3 | F23: =F21/1.1 -> 1870 | G23: 18.35 | H23: =G23*(1+$H$8) -> 22.792803 | I23: =ROUND(H23*F23,2) -> 42622.54 | J23: =I23/$I$11 -> 0.031977229
A24: 4 | D24: CONTENÇÕES | H24: =G24*(1+$H$8) -> 0 | I24: =SUBTOTAL(9,I25:I26) -> 1042515.5 | J24: =I24/$I$11 -> 0.78213913
A25: 4.1 | B25: SICRO | C25: 3205870 | D25: Gabião caixa 2 x 1 x 1,00 m Zn/Al - D = 2,7 mm - pedra de mão comercial - fornecimento e assentamento | E25: M3 | F25: 1870 | G25: 441 | H25: =G25*(1+$H$8) -> 547.77254 | I25: =ROUND(H25*F25,2) -> 1024334.7 | J25: =I25/$I$11 -> 0.7684991
A26: 4.2 | B26: SICRO | C26: 3205876 | D26: Gabião colchão espessura 0,30 m - Zn/Al + PVC - D = 2,0 mm - pedra de mão comercial - fornecimento e assentamento | E26: M2 | F26: 71.4 | G26: 205 | H26: =G26*(1+$H$8) -> 254.6335 | I26: =ROUND(H26*F26,2) -> 18180.83 | J26: =I26/$I$11 -> 0.013640026
A27: 5 | D27: DRENAGEM | H27: =G27*(1+$H$8) -> 0 | I27: =SUBTOTAL(9,I28) -> 2333.31 | J27: =I27/$I$11 -> 0.0017505477
A28: 5.1 | B28: SINAPI | C28: 94289 | D28: EXECUÇÃO DE SARJETA DE CONCRETO USINADO, MOLDADA IN LOCO EM TRECHO RETO, 45 CM BASE X 10 CM ALTURA. AF_06/2016 | E28: M | F28: 34 | G28: 55.25 | H28: =G28*(1+$H$8) -> 68.626832 | I28: =ROUND(H28*F28,2) -> 2333.31 | J28: =I28/$I$11 -> 0.0017505477
A29: 6 | D29: SERVIÇOS COMPLEMENTARES | H29: =G29*(1+$H$8) -> 0 | I29: =SUBTOTAL(9,I30) -> 2752.68 | J29: =I29/$I$11 -> 0.0020651767
A30: 6.1 | B30: SINAPI | C30: 94275 | D30: ASSENTAMENTO DE GUIA (MEIO-FIO) EM TRECHO RETO, CONFECCIONADA EM CONCRETO PRÉ-FABRICADO, DIMENSÕES 100X15X13X20 CM (COMPRIMENTO X BASE INFERIOR X BASE SUPERIOR X ALTURA), PARA URBANIZAÇÃO INTERNA DE EMPREENDIMENTOS. AF_06/2016_P | E30: M | F30: 34 | G30: 65.18 | H30: =G30*(1+$H$8) -> 80.96103 | I30: =ROUND(H30*F30,2) -> 2752.68 | J30: =I30/$I$11 -> 0.0020651767
A31: 7 | D31: ADMINISTRAÇÃO LOCAL | H31: =G31*(1+$H$8) -> 0 | I31: =SUBTOTAL(9,I32) -> 130099.67 | J31: =I31/$I$11 -> 0.097606264
A32: 7.1 | D32: ADMINISTRACAO LOCAL - 10,68% - CONFORME ACÓRDÃO TCU 2622/2013-INCLUSIVE VEICULO PARA FISCALIZACAO | E32: UN | F32: 1 | G32: 104740.47 | H32: =G32*(1+$H$8) -> 130099.67 | I32: =ROUND(H32*F32,2) -> 130099.67 | J32: =I32/$I$11 -> 0.097606264

Sheet COMPOSIÇÃO
A1: FLAT ENGENHARIA E CONSTRUÇÕES LTDA
A5: ='[10]PLANILHA-GERAL'!A4 -> Objeto: Reparo de danos decorrentes da chuva no municipio de Santa Luzia/MG
A8: =PLANILHA_RECONSTRUÇÃO!A7 -> Belo Horizonte, 12 de Junho de 2023
A9: Composições analíticas próprias
A11: COMPOSIÇÃO | B11: CP-01 | C11: PLACA DE OBRA EM CHAPA GALVANIZADA N.22 - ADESIVADA - AFIXADA COM PEÇAS DE MADEIRA ROLIÇA TRATADA, D=12 A 15 CM | D11: UND | E11: ÍNDICE | F11: UNITÁRIO | G11: TOTAL
A12: SINAPI | B12: 88309 | C12: PEDREIRO COM ENCARGOS COMPLEMENTARES | D12: H | E12: 1 | F12: 25.14 | G12: =ROUND(E12*F12,2) -> 25.14
A13: SINAPI | B13: 88316 | C13: SERVENTE COM ENCARGOS COMPLEMENTARES | D13: H | E13: 1 | F13: 18.02 | G13: =ROUND(E13*F13,2) -> 18.02
A14: SINAPI-I | B14: 4115 | C14: MADEIRA ROLICA TRATADA, D = 12 A 15 CM, H = 3,00 M, EM EUCALIPTO OU EQUIVALENTE DA REGIAO | D14: M | E14: 9 | F14: 19.29 | G14: =ROUND(E14*F14,2) -> 173.61
A15: SINAPI-I | B15: 4813 | C15: PLACA DE OBRA (PARA CONSTRUCAO CIVIL) EM CHAPA GALVANIZADA *N. 22*, ADESIVADA, DE *2,4 X 1,2* M (SEM POSTES PARA FIXACAO) | D15: M2 | E15: 2.88 | F15: 480 | G15: =ROUND(E15*F15,2) -> 1382.4
E16: CP-01 | F16: TOTAL | G16: =SUM(G12:G15) -> 1599.17
A18: COMPOSIÇÃO | B18: CP-02 | C18: PROTEÇAO COM TELA TAPUME LARANJA - INCLUSIVE BASE - PEÇA 5 X 5 CM EM PINUS OU EQUIVALENTE DA REGIÃO | D18: M | E18: ÍNDICE | F18: UNITÁRIO | G18: TOTAL
A19: SINAPI | B19: 94975 | C19: CONCRETO FCK = 15MPA, TRAÇO 1:3,4:3,5 (EM MASSA SECA DE CIMENTO/ AREIA MÉDIA/ BRITA 1) - PREPARO MANUAL. AF_05/2021 | D19: M3 | E19: 0.004 | F19: 459.52 | G19: =ROUND(E19*F19,2) -> 1.84
A20: SINAPI | B20: 96541 | C20: FABRICAÇÃO, MONTAGEM E DESMONTAGEM DE FÔRMA PARA SAPATA, EM CHAPA DE MADEIRA COMPENSADA RESINADA, E=17 MM, 4 UTILIZAÇÕES. AF_06/2017 | D20: M2 | E20: 0.02 | F20: 185.01 | G20: =ROUND(E20*F20,2) -> 3.7
A21: SINAPI | B21: 88316 | C21: SERVENTE COM ENCARGOS COMPLEMENTARES | D21: H | E21: 0.04 | F21: 18.02 | G21: =ROUND(E21*F21,2) -> 0.72
A22: SINAPI-I | B22: 4513 | C22: CAIBRO 5 X 5 CM EM PINUS, MISTA OU EQUIVALENTE DA REGIAO - BRUTA | D22: M | E22: 1.25 | F22: 5.84 | G22: =ROUND(E22*F22,2) -> 7.3
A23: SINAPI-I | B23: 37524 | C23: TELA PLASTICA LARANJA, TIPO TAPUME PARA SINALIZACAO, MALHA RETANGULAR, ROLO 1.20 X 50 M (L X C) | D23: M | E23: 1 | F23: 2.74 | G23: =ROUND(E23*F23,2) -> 2.74
E24: CP-02 | F24: TOTAL | G24: =SUM(G19:G23) -> 16.3
A26: COMPOSIÇÃO | B26: CP-03 | C26: EQUIPE DE TOPOGRAFIA | D26: H | E26: ÍNDICE | F26: UNITÁRIO | G26: TOTAL
A27: SINAPI | B27: 88253 | C27: AUXILIAR DE TOPÓGRAFO COM ENCARGOS COMPLEMENTARES | D27: H | E27: 2 | F27: 18.84 | G27: =ROUND(F27*E27,2) -> 37.68
A28: SINAPI | B28: 90781 | C28: TOPOGRAFO COM ENCARGOS COMPLEMENTARES | D28: H | E28: 1 | F28: 39.98 | G28: =ROUND(F28*E28,2) -> 39.98
A29: SINAPI | B29: 90778 | C29: ENGENHEIRO CIVIL DE OBRA PLENO COM ENCARGOS COMPLEMENTARES | D29: H | E29: 0.4458 | F29: 114.64 | G29: =ROUND(F29*E29,2) -> 51.11
E30: CP-03 | F30: TOTAL | G30: =SUM(G27:G29) -> 128.77

Sheet BDI
A1: FLAT ENGENHARIA E CONSTRUÇÕES LTDA
A5: ='[10]PLANILHA-GERAL'!A4 -> Objeto: Reparo de danos decorrentes da chuva no municipio de Santa Luzia/MG
A6: =PLANILHA_RECONSTRUÇÃO!A7:F7 -> Belo Horizonte, 12 de Junho de 2023
A7: Acórdão TCU 2622/2013
A8: Parâmetros para cálculo do BDI
A9: Itens Admissíveis | B9: Intervalos admissíveis sem justificativa | H9: Índices adotados
A11: Administração Central (AC) | B11: De | C11: 0.038 | E11: até | F11: 0.0467 | H11: Administração Central (AC) | I11: 0.0467
A12: Seguro e Garantia (S+G) | B12: De | C12: 0.0032 | E12: até | F12: 0.0074 | H12: Seguro e Garantia (S+G) | I12: 0.0074
A13: Risco (R) | B13: De | C13: 0.005 | E13: até | F13: 0.0097 | H13: Risco (R) | I13: 0.0056
A14: Despesas financeiras (DF) | B14: De | C14: 0.0102 | E14: até | F14: 0.0121 | H14: Despesas financeiras (DF) | I14: 0.0121
A15: Lucro (L) | B15: De | C15: 0.0664 | E15: até | F15: 0.0869 | H15: Lucro (L) | I15: 0.0869
A16: ISS | B16: De | C16: 0.02 | E16: até | F16: 0.05 | H16: Tributos (T) | I16: 0.025
A17: PIS+COFINS | F17: 0.0365 | H17: PIS+COFINS | I17: 0.0365
A18: CPRB | C18: 0 | E18: ou | F18: 0.045 | H18: INSS desoneração (E) | I18: 0
A19: Controle
A20: Administração Central (AC) | B20: OK
A21: Seguro e Garantia (S+G) | B21: OK
A22: Risco (R) | B22: OK
A23: Despesas financeiras (DF) | B23: OK
A24: Lucro (L) | B24: OK
A25: Tributos (T) | B25: OK
A26: INSS desoneração (E) | B26: OK
A27: BDI CALCULADO ----> | B27: BDI = (1+AC+S+R+G)*(1+DF)*(1+L)/(1-(T+E)) | I27: =((1+I11+I12+I13)*(1+I14)*(1+I15))/(1-(I16+I18+I17))-1 -> 0.24211461

Sheet CRONO_MG20-PINHÕES
A1: FLAT ENGENHARIA E CONSTRUÇÕES LTDA
A4: ='[11]ORC. RUA CHINA'!A3:D3 -> Objeto: Reparo de danos decorrentes da chuva no municipio de Santa Luzia/MG
A6: =PLANILHA_RECONSTRUÇÃO!A7 -> Belo Horizonte, 12 de Junho de 2023
A7: Cronograma FÍsico-Financeiro - MG020-PINHÕES
A8: ITEM | B8: DISCRIMINAÇÃO | C8: VALOR | D8: DIA
D9: 30 | E9: 60 | F9: 90 | G9: 120 | H9: 150 | I9: 180
A11: 1 | B11: =VLOOKUP(A11,PLANILHA_RECONSTRUÇÃO!$A$12:$I$32,4,FALSE) -> SERVIÇOS PRELIMINARES | C11: =VLOOKUP(A11,PLANILHA_RECONSTRUÇÃO!$A$12:$I$32,9,FALSE) -> 7044.9 | D11: 1
D12: =D$11*$C$11 -> 7044.9 | E12: =E$11*$C$11 -> 0 | F12: =F$11*$C$11 -> 0 | G12: =G$11*$C$11 -> 0 | H12: =H$11*$C$11 -> 0 | I12: =I$11*$C$11 -> 0
A13: 2 | B13: =VLOOKUP(A13,PLANILHA_RECONSTRUÇÃO!$A$12:$I$32,4,FALSE) -> TOPOGRAFIA | C13: =VLOOKUP(A13,PLANILHA_RECONSTRUÇÃO!$A$12:$I$32,9,FALSE) -> 2399.21 | D13: 1
D14: =D$13*$C$13 -> 2399.21 | E14: =E$13*$C$13 -> 0 | F14: =F$13*$C$13 -> 0 | G14: =G$13*$C$13 -> 0 | H14: =H$13*$C$13 -> 0 | I14: =I$13*$C$13 -> 0
A15: 3 | B15: =VLOOKUP(A15,PLANILHA_RECONSTRUÇÃO!$A$12:$I$32,4,FALSE) -> TRABALHOS EM TERRA | C15: =VLOOKUP(A15,PLANILHA_RECONSTRUÇÃO!$A$12:$I$32,9,FALSE) -> 145757.61 | E15: 0.5 | F15: 0.5
D16: =D$15*$C$15 -> 0 | E16: =E$15*$C$15 -> 72878.805 | F16: =F$15*$C$15 -> 72878.805 | G16: =G$15*$C$15 -> 0 | H16: =H$15*$C$15 -> 0 | I16: =I$15*$C$15 -> 0
A17: 4 | B17: =VLOOKUP(A17,PLANILHA_RECONSTRUÇÃO!$A$12:$I$32,4,FALSE) -> CONTENÇÕES | C17: =VLOOKUP(A17,PLANILHA_RECONSTRUÇÃO!$A$12:$I$32,9,FALSE) -> 1042515.5 | F17: 0.25 | G17: 0.5 | H17: 0.25
D18: =D$17*$C$17 -> 0 | E18: =E$17*$C$17 -> 0 | F18: =F$17*$C$17 -> 260628.87 | G18: =G$17*$C$17 -> 521257.74 | H18: =H$17*$C$17 -> 260628.87 | I18: =I$17*$C$17 -> 0
A19: 5 | B19: =VLOOKUP(A19,PLANILHA_RECONSTRUÇÃO!$A$12:$I$32,4,FALSE) -> DRENAGEM | C19: =VLOOKUP(A19,PLANILHA_RECONSTRUÇÃO!$A$12:$I$32,9,FALSE) -> 2333.31 | H19: 0 | I19: 1
D20: =D$19*$C$19 -> 0 | E20: =E$19*$C$19 -> 0 | F20: =F$19*$C$19 -> 0 | G20: =G$19*$C$19 -> 0 | H20: =H$19*$C$19 -> 0 | I20: =I$19*$C$19 -> 2333.31
A21: 6 | B21: =VLOOKUP(A21,PLANILHA_RECONSTRUÇÃO!$A$12:$I$32,4,FALSE) -> SERVIÇOS COMPLEMENTARES | C21: =VLOOKUP(A21,PLANILHA_RECONSTRUÇÃO!$A$12:$I$32,9,FALSE) -> 2752.68 | I21: 1
D22: =D$21*$C$21 -> 0 | E22: =E$21*$C$21 -> 0 | F22: =F$21*$C$21 -> 0 | G22: =G$21*$C$21 -> 0 | H22: =H$21*$C$21 -> 0 | I22: =I$21*$C$21 -> 2752.68
A23: 7 | B23: =VLOOKUP(A23,PLANILHA_RECONSTRUÇÃO!$A$12:$I$32,4,FALSE) -> ADMINISTRAÇÃO LOCAL | C23: =VLOOKUP(A23,PLANILHA_RECONSTRUÇÃO!$A$12:$I$32,9,FALSE) -> 130099.67 | D23: 0.0070308674 | E23: 0.045807685 | F23: 0.26989328 | G23: 0.44817119 | H23: 0.2240856 | I23: 0.0050113777
D24: =D$23*$C$23 -> 914.71352 | E24: =E$23*$C$23 -> 5959.5647 | F24: =F$23*$C$23 -> 35113.027 | G24: =G$23*$C$23 -> 58306.924 | H24: =H$23*$C$23 -> 29153.462 | I24: =I$23*$C$23 -> 651.97859
A25: % SIMPLES | D25: =D26/$I$28 -> 0.0077716267 | E25: =E26/$I$28 -> 0.059147873 | F25: =F26/$I$28 -> 0.27655481 | G25: =G26/$I$28 -> 0.43481388 | H25: =H26/$I$28 -> 0.21740694 | I25: =I26/$I$28 -> 0.0043048663
A26: R$ SIMPLES | D26: =D12+D14+D16+D18+D20+D22+D24 -> 10358.824 | E26: =E12+E14+E16+E18+E20+E22+E24 -> 78838.37 | F26: =F12+F14+F16+F18+F20+F22+F24 -> 368620.7 | G26: =G12+G14+G16+G18+G20+G22+G24 -> 579564.67 | H26: =H12+H14+H16+H18+H20+H22+H24 -> 289782.33 | I26: =I12+I14+I16+I18+I20+I22+I24 -> 5737.9686
A27: % ACUMULADO | D27: =D25 -> 0.0077716267 | E27: =D27+E25 -> 0.0669195 | F27: =E27+F25 -> 0.34347431 | G27: =F27+G25 -> 0.77828819 | H27: =G27+H25 -> 0.99569513 | I27: =H27+I25 -> 1
A28: R$ ACUMULADO | D28: =D26 -> 10358.824 | E28: =D28+E26 -> 89197.193 | F28: =E28+F26 -> 457817.9 | G28: =F28+G26 -> 1037382.6 | H28: =G28+H26 -> 1327164.9 | I28: =H28+I26 -> 1332902.9
